 Dungeon Crawl Stone Soup version 0.21-a0-471-gd587bd5 (webtiles) character file.

126 kae the Insei (level 4, 0/36 HPs)
             Began as a Draconian Transmuter on Nov 21, 2017.
             Slain by a kobold (4 damage)
             ... in a sewer.
             The game lasted 00:04:57 (2278 turns).

kae the Insei (Draconian Transmuter)                Turns: 2278, Time: 00:04:58

Health: 0/36       AC:  2    Str: 12    XL:     4   Next: 84%
Magic:  4/7        EV: 19    Int: 14    God:
Gold:   140        SH:  0    Dex: 17    Spells: 2/8 levels left

rFire    . . .     SeeInvis .     - Unarmed
rCold    . . .     Gourm    .   (shield currently unavailable)
rNeg     . . .     Faith    .   (armour unavailable)
rPois    x         Spirit   .   (helmet currently unavailable)
rElec    .         Reflect  .   (cloak currently unavailable)
rCorr    .         Harm     .   (gloves currently unavailable)
MR       .....                  (boots currently unavailable)
Stlth    ++........             (no amulet)
HPRegen  0.12/turn              (no ring)
MPRegen  0.10/turn              (no ring)

@: spider-form (expiring)
A: unfitting armour, AC +5
a: End Transformation


You were in a sewer.
You were not hungry.
You were a venomous arachnid creature.
You visited 1 branch of the dungeon, and saw 3 of its levels.
You also visited: Sewer.

You collected 140 gold pieces.

Inventory:

Missiles
 a - 42 arrows
Armour
 e - a +1 pair of gloves (melded)
Scrolls
 g - a scroll of teleportation
 h - a scroll of remove curse
Potions
 i - a potion of lignification {unknown}
 j - a potion of magic {unknown}
 k - a potion of might {unknown}
 l - 2 potions of curing {unknown}
 m - a potion of agility {unknown}
 n - a potion of brilliance {unknown}
 o - a potion of heal wounds {unknown}
Books
 b - a book of Changes

   Spells                             Type                      Level
   a - Beastly Appendage              Transmutation                1
   b - Sticks to Snakes               Transmutation                2
   c - Spider Form                    Transmutation/Poison         3
   d - Ice Form                       Ice/Transmutation            4
   e - Blade Hands                    Transmutation                5
Comestibles
 c - 3 bread rations
 d - a royal jelly


   Skills:
 + Level 2.2 Fighting
 - Level 1.7 Dodging
 * Level 4.1 Unarmed Combat
 + Level 2.5 Spellcasting
 * Level 3.3 Transmutations


You had 2 spell levels left.
You knew the following spells:

 Your Spells              Type           Power        Failure   Level  Hunger
a - Beastly Appendage     Tmut           ##....       17%         1    #......
b - Sticks to Snakes      Tmut           ##......     22%         2    ###....
c - Spider Form           Tmut/Pois      #.........   56%         3    ###....


Dungeon Overview and Level Annotations

Branches:
Dungeon (3/15)

Altars:
Fedhas
Makhleb

Annotations:
D:3 Enish's ghost, amateur OpEE Sewer sagitran's ghost, novice OgWz


Innate Abilities, Weirdness & Mutations

((Your plain brown scales are hard. (AC +5)))
You cannot fit into any form of body armour.
((You are cold-blooded and may be slowed by cold attacks.))


Message History

The big kobold hits you! The kobold hits you with a club.
You hit the big kobold but do no damage.
The big kobold is moderately wounded.
The kobold completely misses you. The big kobold misses you.
The kobold hits you with a club.
You hit the big kobold but do no damage.
The big kobold is poisoned.
The big kobold is moderately wounded.
Your transformation is almost over.
The kobold hits you.
* * * LOW HITPOINT WARNING * * *
The kobold hits you.
* * * LOW HITPOINT WARNING * * *
The big kobold hits you.
* * * LOW HITPOINT WARNING * * *
You hit the big kobold.
The big kobold looks as sick as possible!
The big kobold is moderately wounded.
The kobold hits you but does no damage. The kobold hits you.
You die...

########
##......######
...P....#....# .≈≈≈
....≈.≈≈KK!..# ≈≈≈≈
≈...≈≈≈(sK.∩.# ≈P≈≈≈
P...≈≈P≈#K!..#
#≈≈≈≈##########≈######
≈≈≈≈≈≈≈≈≈≈≈≈≈≈≈≈≈≈#
≈≈≈≈≈≈≈≈≈≈≈≈≈≈≈≈≈≈#
≈≈≈≈≈≈≈≈≈≈≈≈≈≈≈≈≈≈#
#######≈##############
≈≈..≈≈P≈≈P≈P.≈≈≈#....#
≈...≈≈≈≈≈≈....≈≈'..∩.#


You could see a big kobold and 3 kobolds.

Vanquished Creatures
  Jessica (D:2)
  3 adders (D:3)
  2 worms
  A dart slug (D:2)
  2 leopard geckos (D:3)
  An orc (D:3)
  5 ball pythons
  6 giant cockroaches
  8 goblins
  2 jackals (D:1)
  7 kobolds
  2 quokkas
  10 bats
  4 frilled lizards
  8 rats
62 creatures vanquished.

Vanquished Creatures (collateral kills)
  3 kobolds (Sewer)
3 creatures vanquished.

Vanquished Creatures (others)
  A plant (Sewer)
1 creature vanquished.

Grand Total: 66 creatures vanquished

Notes
Turn   | Place    | Note
-------+----------+-------------------------------------------
     0 | D:1      | kae the Draconian Transmuter began the quest for the Orb.
     0 | D:1      | Reached XP level 1. HP: 16/16 MP: 3/3
   494 | D:1      | Reached XP level 2. HP: 22/23 MP: 5/5
   602 | D:1      | Learned a level 2 spell: Sticks to Snakes
  1051 | D:2      | Reached XP level 3. HP: 26/28 MP: 6/6
  1102 | D:2      | Noticed Jessica
  1108 | D:2      | Killed Jessica
  1298 | D:2      | Found a burning altar of Makhleb.
  1427 | D:2      | Found a blossoming altar of Fedhas.
  1552 | D:2      | Found a burning altar of Makhleb.
  1632 | D:3      | Noticed Enish's ghost (amateur OpEE)
  1649 | D:2      | Reached XP level 4. HP: 34/36 MP: 7/7
  1950 | D:3      | Reached skill level 4 in Unarmed Combat
  2014 | D:3      | Found a glowing drain.
  2018 | Sewer    | Entered a sewer
  2138 | Sewer    | Noticed sagitran's ghost (novice OgWz)
  2173 | Sewer    | Learned a level 3 spell: Spider Form
  2262 | Sewer    | Noticed a big kobold
  2278 | Sewer    | Slain by a kobold

Vault maps used:
D:1:      dpeg_arrival_refuge, minmay_tiny_reverse_x
D:2:      lemuel_round_altar, nicolae_overflow_crystal_walls,
          kennysheep_cluttered_room, bloody_makhleb, uniq_jessica
D:3:      lemuel_crystal_altar, first_bread, gup_sewer_entry_spiral,
          corexii_leaking_fountain, uniq_robin
Sewer:    kennysheep_pipe_town

Skill      XL: |  1  2  3  4 |
---------------+-------------+-----
Transmutations | 3 |  3.3
Fighting       | 2 |  2.2
Unarmed Combat | 4 |  4.1
Dodging        | |  1.7
Spellcasting   | |  2.5

Action                   |  1- 3 |  4- 6 || total
-------------------------+-------+-------++-------
Melee: Unarmed           |   127 |   101 ||   228
       Tailslap          |    12 |    10 ||    22
       Punch             |     4 |     1 ||     5
       Headbutt          |     1 |       ||     1
 Cast: Beastly Appendage |     2 |     1 ||     3
       Sticks to Snakes  |     2 |     1 ||     3
       Spider Form       |       |     1 ||     1
  Use: Scroll            |     3 |     2 ||     5
 Stab: Sleeping          |     3 |       ||     3
  Eat: Chunk             |     3 |     2 ||     5
Armor: Skin              |    56 |    49 ||   105
Dodge: Dodged            |   121 |    94 ||   215

Table legend:
 A = Spawn XP
 B = Non-spawn XP
 C = Spawn XP percentage of total XP
 D = Spawn monster count
 E = Non-spawn monster count
 F = Spawn count percentage of total count
 G = Total turns spent on level
                    A         B        C        D         E        F      G
               +---------+---------+-------+---------+---------+-------+---------
         Total |       0 |     181 |   0.0 |       0 |      65 |   0.0 |  2278
               +---------+---------+-------+---------+---------+-------+---------
           D:1 |       0 |      32 |   0.0 |       0 |      20 |   0.0 |   896
           D:2 |       0 |      68 |   0.0 |       0 |      19 |   0.0 |   813
           D:3 |       0 |      62 |   0.0 |       0 |      12 |   0.0 |   309
         Sewer |       0 |      19 |   0.0 |       0 |      14 |   0.0 |   260
               +---------+---------+-------+---------+---------+-------+---------
